[Event "*** Titled Tuesday Blitz"]
[Site "Chess.com"]
[Date "2020.11.03"]
[Round "1"]
[White "Duhless"]
[Black "grunbergmihai"]
[Result "1-0"]
[WhiteElo "2992"]
[BlackElo "2466"]
[TimeControl "180+1"]
[EndTime "10:06:07 PST"]
[Termination "Duhless won by resignation"]

1. d4 f5 2. g3 Nf6 3. Bg2 g6 4. c3 c6 5. Nf3 Bg7 6. O-O O-O 7. Nbd2 Ne4 8. Qc2 d5 9. Ne5 Nd7 10. Nxd7 Bxd7 11. Nf3 Nd6 12. Bf4 Nf7 13. c4 e6 14.
h4 h6 15. Qc1 Kh7 16. Rd1 Bf6 17.
Be5 Nxe5 18. Nxe5 Be8 19. b4 Rc8 20. Qe3 Qc7 21. Nd3 Bf7 22. Rac1 g5 23. hxg5 hxg5 24.
b5 Kg7 25. bxc6 bxc6 26. Ne5 Bxe5 27. dxe5 Qe7 28. Rc3 Bg6 29. f4 g4 30. Rdc1 Rcd8 31. cxd5 cxd5 32. Rc7 Rd7 33. Qxa7 Rfd8 34. e3 Be8 35.
Bf1 Qb4 36. Rxd7+ Rxd7 37. Rc7 Qe7 38. Rxd7 Qxd7 39. Qxd7+ Bxd7 40. Kf2 Kf7 41. Ke1 Ke7 42. Kd2 Kd8 43. Kc3 Kc7 44. Kb4 Kb6 45. a4 Bc8 46.
a5+ Kc6 47. Bb5+ 1-0

[Event "*** Titled Tuesday Blitz"]
[Site "Chess.com"]
[Date "2020.11.03"]
[Round "1"]
[White "MichailovM"]
[Black "AnishOnYoutube"]
[Result "0-1"]
[WhiteElo "2463"]
[BlackElo "2961"]
[TimeControl "180+1"]
[EndTime "10:06:09 PST"]
[Termination "AnishOnYoutube won by resignation"]

1. e4 c5 2. Nf3 d6 3. d4 cxd4 4. Nxd4 Nf6 5. Nc3 a6 6. Be2 e5 7.
Nb3 Be6 8. O-O Nbd7 9. Be3 Rc8 10.
f3 Be7 11. Nd5 Bxd5 12. exd5 Nb6 13. Bxb6 Qxb6+ 14. Kh1 O-O 15. c4 g6 16. Qd2 Nd7 17. Bd3 f5 18. Rfe1 Bf6 19. Na5 Bg5 20. Qxg5 Qxa5 21.
a3 Qd8 22. Qxd8 Rfxd8 23. b4 Kf7 24. Rac1 Kf6 25. g3 a5 26. Kg2 Rc7 27. f4 e4 28. Bf1 Ra8 29. Ra1 Nb6 30. Kf2 Nxc4 31.
Rec1 Rac8 32. bxa5 Nxa5 33. Rxc7 Rxc7 34. Ke3 Nb3 35.
Rb1 Rc3+ 36. Ke2 Nc5 37. Rb6 Ke7 38. Kd2 Rxa3 0-1

[Event "*** Titled Tuesday Blitz"]
[Site "Chess.com"]
[Date "2020.11.03"]
[Round "1"]
[White "lucasmito"]
[Black "oogee"]
[Result "1-0"]
[WhiteElo "2546"]
[BlackElo "2206"]
[TimeControl "180+1"]
[EndTime "10:06:10 PST"]
[Termination "lucasmito won by resignation"]

1. e4 c5 2. Nf3 d6 3. Nc3 Nc6 4. d4 cxd4 5. Nxd4 g6 6. Be3 Bg7 7. Qd2 Nf6 8. f3 h5 9. O-O-O Bd7 10. Kb1 a6 11. Bc4 b5 12. Bb3 Na5 13. Rhe1 Nc4 14.
Bxc4 bxc4 15. Nd5 Rb8 16. Qc3 Qc8 17. Bg5 Qc5 18. Bxf6 exf6 19. Ne2 Be6 20. Nef4 O-O 21. Nxf6+ Kh8 22. e5 dxe5 23. Ne4 Qb6 24. Nxe6 Qxe6 25. Rd6 Qe7 26. Red1 f5 27. Rd7 Qe8 28. Ng5 Rd8 29. Rxd8 Qxd8 30. Rxd8 Rxd8 31. Nf7+ Kg8 32. Nxd8 1-0

[Event "*** Titled Tuesday Blitz"]
[Site "Chess.com"]
[Date "2020.11.03"]
[Round "1"]
[White "sboshaon21"]
[Black "TST2014"]
[Result "0-1"]
[WhiteElo "2021"]
[BlackElo "2490"]
[TimeControl "180+1"]
[EndTime "10:06:10 PST"]
[Termination "TST2014 won by resignation"]

1. d4 Nf6 2. c4 c5 3. Nf3 cxd4 4. Nxd4 b6 5. Nc3 Bb7 6. f3 e6 7. e4 d6 8. Be3 Be7 9. Be2 O-O 10. O-O a6 11.
Rc1 Nbd7 12. Kh1 Rc8 13. b4 Ne5 14. Qb3 Qc7 15. Nb1 Rfe8 16. a4 Bd8 17. Nd2 Qb8 18. Bg1 Bc7 19. Rfd1 d5 20. exd5 exd5 21. Nf5 dxc4 22.
Nxc4 Ng6 23. Bd3 Bd5 24. Qb1 Nf4 25. Bf1 Ne2 26. Bxe2 Rxe2 27. Nd4 Ree8 28. Nd2 h5 29. Re1 h4 30. h3 Nh5 31. Bf2 Bg3 32. Kg1 Bxf2+ 33.
Kxf2 Qg3+ 34. Kg1 Nf4 0-1

[Event "*** Titled Tuesday Blitz"]
[Site "Chess.com"]
[Date "2020.11.03"]
[Round "1"]
[White "GMTalks_Youtube"]
[Black "kidagent"]
[Result "1-0"]
[WhiteElo "2603"]
[BlackElo "2293"]
[TimeControl "180+1"]
[EndTime "10:06:12 PST"]
[Termination "GMTalks_Youtube won by resignation"]

1. e4 c5 2. Nf3 d6 3. Bb5+ Nc6 4. O-O g6 5. c3 Bg7 6. d4 Bd7 7. h3 Nf6 8. e5 dxe5 9. dxe5 Nxe5 10. Nxe5 Bxb5 11.
Qb3 O-O 12. Qxb5 Qc8 13. Re1 e6 14. Nd2 a6 15. Qe2 Nd5 16. Ndf3 b5 17. a4 Qb7 18.
Ng4 Rad8 19. axb5 axb5 20. Bg5 Rd7 21. Nfe5 Rc7 22. Nh6+ Kh8 23. Nexf7+ Rcxf7 24. Nxf7+ Qxf7 25. Ra6 e5 26. Rd6 b4 27. c4 Nf4 28. Bxf4 exf4 29.
b3 f3 30. Qxf3 Qxf3 31. gxf3 Bc3 32. Re7 Bf6 33. Rb7 h5 34. Kg2 Bd4 35. Rxg6 1-0

[Event "*** Titled Tuesday Blitz"]
[Site "Chess.com"]
[Date "2020.11.03"]
[Round "1"]
[White "Sven_Tica"]
[Black "mc4chess"]
[Result "0-1"]
[WhiteElo "2687"]
[BlackElo "2386"]
[TimeControl "180+1"]
[EndTime "10:06:13 PST"]
[Termination "mc4chess won by resignation"]

1. d4 Nf6 2. c4 e6 3. g3 c5 4. d5 exd5 5. cxd5 d6 6. Nc3 g6 7.
Bg2 Bg7 8. Nf3 O-O 9. O-O a6 10. a4 Nbd7 11. Bf4 Qe7 12. Nd2 Rd8 13. Rb1 Rb8 14.
b4 cxb4 15. Rxb4 Nh5 16. Nce4 Nxf4 17. gxf4 Nc5 18. a5 Bf5 19. Ng3 Bd7 20. Qb1 Bc3 21.
Rb2 Bxa5 22. Nc4 Bc3 23. Rb6 Bb5 24. Rxb5 axb5 25. Qxb5 Ra8 26. f5 Ra1 27. Rxa1 Bxa1 28. Qb6 Ra8 29. Bf3 Be5 30. fxg6 hxg6 31. Kg2 Ra6 32.
Qb5 Qd7 33. Qb1 b5 34. Nxe5 dxe5 35. Qb4 Qd6 36. Qxb5 Ra8 37. e4 Rb8 38. Qe2 Rb3 39. h4 Nd3 40. Qd1 Nf4+ 41. Kh2 Rd3 0-1

[Event "*** Titled Tuesday Blitz"]
[Site "Chess.com"]
[Date "2020.11.03"]
[Round "1"]
[White "GAusal"]
[Black "Kavyev_Ruslan"]
[Result "0-1"]
[WhiteElo "2071"]
[BlackElo "2500"]
[TimeControl "180+1"]
[EndTime "10:06:13 PST"]
[Termination "Kavyev_Ruslan won by resignation"]

1. d4 Nf6 2. Bf4 c5 3. e3 Qb6 4. b3 cxd4 5. exd4 d5 6. Bd3 Nc6 7. Nf3 Bg4 8. c3 e6 9. O-O Be7 10. h3 Bh5 11. Nbd2 O-O 12. Qe2 Rfc8 13. Qe3 Qa5 14. Rfc1 b5 15. a4 b4 16. c4 dxc4 17. Nxc4 Qd8 18. Be4 Nxe4 19. Qxe4 Bxf3 20. Qxf3 Nxd4 21. Qg4 Nxb3 22. Rd1 Qf8 23. Rab1 Rxc4 24. Rxb3 e5 25. Qe2 Rxf4 26. Qxe5 Rc4 27. Rg3 Rc6 28. Rd7 Bd6 29. Qd5 Rc1+ 30. Kh2 Rd8 31. Rxd8 Qxd8 32. Qd4 Bxg3+ 33. fxg3 Qxd4 0-1

[Event "*** Titled Tuesday Blitz"]
[Site "Chess.com"]
[Date "2020.11.03"]
[Round "1"]
[White "anon569"]
[Black "FMJoseHerrera"]
[Result "0-1"]
[WhiteElo "2235"]
[BlackElo "2565"]
[TimeControl "180+1"]
[EndTime "10:06:14 PST"]
[Termination "FMJoseHerrera won on time"]

1. e4 c5 2. Nf3 e6 3. d4 cxd4 4. Nxd4 a6 5. Bd3 Qc7 6. Qe2 b6 7. O-O Bb7 8. c4 d6 9. Nc3 Nd7 10. f4 Ngf6 11. b4 Be7 12. Be3 h5 13. h3 Rc8 14. Rac1 Qb8 15. a3 h4 16. f5 e5 17. Nf3 Nh5 18. Qf2 Ng3 19. Rfe1 Qa8 20. Nd5 Bxd5 21. cxd5 Rxc1 22. Rxc1 Nf6 23. Bxb6 Nfxe4 24. Qc2 O-O 25. Bxe4 a5 0-1

[Event "*** Titled Tuesday Blitz"]
[Site "Chess.com"]
[Date "2020.11.03"]
[Round "1"]
[White "IMJonathanCarlstedt"]
[Black "zurzan"]
[Result "1-0"]
[WhiteElo "2500"]
[BlackElo "2062"]
[TimeControl "180+1"]
[EndTime "10:06:14 PST"]
[Termination "IMJonathanCarlstedt won by checkmate"]

1. d4 d6 2. Nf3 g6 3. Bf4 Bg7 4. e3 f5 5. h4 Nf6 6. Nc3 h6 7. Bd3 c6 8. e4 e6 9. e5 dxe5 10. Nxe5 Nh5 11. Nxg6 Nxf4 12. Nxf4 Qf6 13. Qe2 O-O 14. Bc4 Re8 15. O-O-O b5 16. Bb3 b4 17.
Na4 Na6 18. Nh5 Qe7 19. Rh3 Kh8 20. Rg3 Bf6 21. Rg6 Bxh4 22. g3 Bg5+ 23. f4 Kh7 24. Rg7+ Qxg7 25. Nxg7 Kxg7 26. fxg5 hxg5 27. Qh5 Bd7 28.
Qxg5+ Kf7 29. Qxf5+ Ke7 30. Qg5+ Kd6 31. Qe5+ Ke7 32.
Rh1 Kd8 33. Rh7 Nb8 34. Nc5 Kc8 35. Nxd7 Nxd7 36. Bxe6 Rd8 37. Qd6 Kb7 38. Bxd7 Kb6 39. Qxc6+ Ka5 40. Qb5# 1-0

[Event "*** Titled Tuesday Blitz"]
[Site "Chess.com"]
[Date "2020.11.03"]
[Round "1"]
[White "juancruzarias"]
[Black "HanSchut"]
[Result "1-0"]
[WhiteElo "2549"]
[BlackElo "2212"]
[TimeControl "180+1"]
[EndTime "10:06:15 PST"]
[Termination "juancruzarias won on time"]

1. e4 c5 2. Nc3 g6 3. g3 Bg7 4. Bg2 e6 5. d3 Ne7 6. Be3 d6 7. Qd2 Nbc6 8. h4 h5 9. Nh3 Nd4 10. Nd1 Bd7 11. c3 Ndc6 12. O-O O-O 13. Bh6 b5 14.
Bxg7 Kxg7 15. d4 cxd4 16. cxd4 d5 17. exd5 Nxd5 18. Bxd5 exd5 19. Nf4 Ne7 20. Ne3 Bc6 21.
Rac1 Qd7 22. Rc5 Rac8 23. Rfc1 Bb7 24. Qb4 Rxc5 25. Rxc5 a6 26. Qc3 Rc8 27. Nd3 Nc6 28. Rxd5 Qe8 29. Rc5 f6 30. d5 Ne7 31. Rc7 Rxc7 32.
Qxc7 1-0

[Event "*** Titled Tuesday Blitz"]
[Site "Chess.com"]
[Date "2020.11.03"]
[Round "1"]
[White "BAS8892"]
[Black "Nemsko"]
[Result "1-0"]
[WhiteElo "2681"]
[BlackElo "2351"]
[TimeControl "180+1"]
[EndTime "10:06:16 PST"]
[Termination "BAS8892 won by resignation"]

1. d4 Nf6 2. Bf4 d5 3. e3 e6 4. Nf3 Bd6 5. Bg3 O-O 6. Nbd2 c5 7.
c3 Nc6 8. Bd3 b6 9. O-O Bb7 10.
Qe2 Re8 11. Ne5 Qc7 12. f4 Ne7 13. f5 exf5 14. Bxf5 Nxf5 15. Rxf5 Re6 16. Raf1 a5 17. R1f2 cxd4 18. exd4 Rf8 19. h3 Qe7 20. Qe3 Bxe5 21.
dxe5 Ne4 22. Nxe4 dxe4 23. Rd2 Rd8 24. Rd6 b5 25. Rf2 Rdxd6 26. exd6 Qd7 27. Rd2 f5 28.
Bf4 g6 29. Qc5 Bc6 30. a4 Kf7 31. axb5 Bxb5 32. c4 Bc6 33. Qxa5 e3 34. Re2 g5 35.
Bxg5 Qxd6 36. Qxf5+ Kg8 37. Rxe3 Rxe3 38. Bxe3 Qd1+ 39.
Kh2 Qd6+ 40. Qf4 Qxf4+ 41. Bxf4 Kf7 42. g4 Ke6 43. Kg3 Ba4 44. Kf2 Bb3 45. c5 Kd5 46.
Bd6 Bc2 47. Ke3 Be4 48. b4 Bg2 49. h4 Bh3 50. Kf4 Kc6 51. h5 Bf1 52. g5 Bd3 53.
Ke5 Be2 54. g6 hxg6 55. h6 Bc4 56. h7 1-0

[Event "*** Titled Tuesday Blitz"]
[Site "Chess.com"]
[Date "2020.11.03"]
[Round "1"]
[White "chessmachine14"]
[Black "Karateloru"]
[Result "0-1"]
[WhiteElo "2357"]
[BlackElo "2701"]
[TimeControl "180+1"]
[EndTime "10:06:17 PST"]
[Termination "Karateloru won by checkmate"]

1. e4 c5 2. Nf3 e6 3. d4 cxd4 4. Nxd4 Bc5 5. Nb3 Bb6 6. Nc3 Ne7 7. Qg4 O-O 8. Bd3 Nbc6 9. O-O Ne5 10. Qg3 Nxd3 11.
cxd3 f5 12. Bf4 Ng6 13. Bd6 f4 14. Qg4 Rf7 15. e5 Rf5 16. d4 a6 17. Ne4 Kf7 18.
Rac1 h5 19. Qd1 Kg8 20. g3 Ba7 21. Kh1 b5 22. Nbc5 Bxc5 23. Nxc5 f3 24. Rc3 Qg5 25. Rxf3 a5 26. Rxf5 Qxf5 27. f3 Ba6 28. Nxa6 Rxa6 29.
Qe2 Rc6 30. Qe4 Qxe4 31. fxe4 Rc2 32. Rb1 h4 33. a4 bxa4 34. Ba3 h3 35. Re1 Nh8 36.
Rg1 Nf7 37. g4 Ng5 38. Rg3 Nxe4 39. Rxh3 Nf2+ 40. Kg2 Nxh3+ 41. Kxh3 Rd2 42. Bc5 Rxb2 43. Kg3 a3 44. Bxa3 Rb3+ 45. Kf4 Rxa3 46. h4 Rb3 47. Kg5 a4 48. Kg6 a3 49. g5 a2 50.
h5 a1=Q 51. h6 Qb1+ 52. Kh5 Rh3+ 53. Kg4 Qf5# 0-1

[Event "*** Titled Tuesday Blitz"]
[Site "Chess.com"]
[Date "2020.11.03"]
[Round "1"]
[White "mjray79"]
[Black "FairChess_on_YouTube"]
[Result "1/2-1/2"]
[WhiteElo "2474"]
[BlackElo "2982"]
[TimeControl "180+1"]
[EndTime "10:06:18 PST"]
[Termination "Game drawn by repetition"]

1. d4 Nf6 2. c4 e6 3. g3 d5 4.
Bg2 Bb4+ 5. Bd2 Be7 6. Nf3 O-O 7. O-O Nbd7 8. Qc2 c6 9. Bf4 Ne4 10. Nc3 g5 11. Bc1 f5 12. Nd2 Bf6 13. Qd3 Nb6 14. cxd5 exd5 15. f3 Nxd2 16. Bxd2 Nc4 17. b3 Nxd2 18.
Qxd2 Kh8 19. Rad1 Bg7 20. e4 f4 21. Ne2 fxg3 22. Nxg3 Be6 23. e5 Rf4 24. Nh5 Rh4 25. Nxg7 Kxg7 26. f4 gxf4 27. Rxf4 Rxf4 28. Qxf4 Qe7 29.
Rf1 Rf8 30. Qg3+ Kh8 31. Rxf8+ Qxf8 32. Qg5 Qf5 33. Qd8+ Kg7 34. Qe7+ Qf7 35. Qg5+ Qg6 36. Qe7+ Qf7 37. Qg5+ Qg6 38. Qe7+ Qf7 1/2-1/2

[Event "*** Titled Tuesday Blitz"]
[Site "Chess.com"]
[Date "2020.11.03"]
[Round "1"]
[White "fyall777"]
[Black "Sanan_Sjugirov"]
[Result "0-1"]
[WhiteElo "2427"]
[BlackElo "2848"]
[TimeControl "180+1"]
[EndTime "10:06:19 PST"]
[Termination "Sanan_Sjugirov won on time"]

1. e4 c5 2. Nf3 d6 3. d4 cxd4 4. Nxd4 Nf6 5. Nc3 a6 6. a4 e5 7. Nf3 Be7 8. Bc4 O-O 9. h3 Be6 10. Qd3 Nc6 11. Bxe6 fxe6 12. O-O Rc8 13. Bg5 h6 14.
Bxf6 Rxf6 15. Rad1 Qb6 16. Rd2 Rcf8 17. Qc4 Kh7 18. Rd3 Nb4 19. Rd2 Nc6 20. Rd3 Rg6 21. Kh2 Qd8 22. Rfd1 Qe8 23. Qb3 Qc8 24. Qb6 Bd8 25.
Qb3 Bc7 26. Ne2 Bb8 27. Ng3 Rgf6 28. R1d2 Na5 0-1

[Event "*** Titled Tuesday Blitz"]
[Site "Chess.com"]
[Date "2020.11.03"]
[Round "1"]
[White "IceBelka"]
[Black "Crazy_girl99"]
[Result "0-1"]
[WhiteElo "2130"]
[BlackElo "2521"]
[TimeControl "180+1"]
[EndTime "10:06:19 PST"]
[Termination "Crazy_girl99 won by resignation"]

1. Nf3 d5 2. g3 Nf6 3. Bg2 c5 4. d4 cxd4 5. Nxd4 Nc6 6. Nxc6 bxc6 7. c4 e6 8. O-O Be7 9. b3 O-O 10. Bb2 a5 11. Nc3 Ba6 12. cxd5 cxd5 13. Rc1 Rc8 14. Qd4 Bc5 15. Qh4 h6 16. Na4 Be7 17. Rfe1 Rxc1 18. Bxc1 Bb4 19. Rf1 Bxe2 20. Bb2 Bxf1 21. Bxf1 Ne4 22.
Qg4 Qg5 23. Qe2 Rc8 24. h4 Qg6 25. Bg2 Nd6 26. Be5 Rc2 27. Qa6 Qf5 28. Bd4 Ne4 29. Qa7 Be1 30. Bxe4 Qxe4 31. Qb8+ Kh7 32. Qe5 Qxe5 33. Bxe5 Bxf2+ 0-1

[Event "*** Titled Tuesday Blitz"]
[Site "Chess.com"]
[Date "2020.11.03"]
[Round "1"]
[White "CM_rui"]
[Black "VitaliyBernadskiy"]
[Result "0-1"]
[WhiteElo "2382"]
[BlackElo "2749"]
[TimeControl "180+1"]
[EndTime "10:06:21 PST"]
[Termination "VitaliyBernadskiy won by resignation"]

1. e4 d6 2. d4 Nf6 3. Nc3 g6 4. Nf3 Bg7 5. Bc4 O-O 6. h3 Nxe4 7. Nxe4 d5 8. Bd3 dxe4 9. Bxe4 c5 10. c3 cxd4 11. Nxd4 Qb6 12. O-O Rd8 13. Be3 Qxb2 14. Qf3 Nd7 15. Rab1 Qxc3 16. Rfc1 Qa3 17. Bxb7 Ne5 18.
Qe4 Bxb7 19. Qxb7 h5 20. Rc7 Qd6 21. Rxe7 Rab8 22. Nb5 Rxb7 23. Rxb7 Qd3 24. Nxa7 Nc4 25. Bg5 Rd5 26. Bf4 Rf5 27. Bg3 Nd2 28. Rd1 Qe2 29. Rc1 Ne4 30. Rb8+ Kh7 31. Bh4 g5 32. Rcc8 gxh4 33.
Nc6 Qxf2+ 34. Kh2 0-1

[Event "*** Titled Tuesday Blitz"]
[Site "Chess.com"]
[Date "2020.11.03"]
[Round "1"]
[White "johnathan113"]
[Black "CrazyMartian"]
[Result "1-0"]
[WhiteElo "2621"]
[BlackElo "2301"]
[TimeControl "180+1"]
[EndTime "10:06:21 PST"]
[Termination "johnathan113 won by resignation"]

1. e4 c5 2. Nf3 d5 3. exd5 Nf6 4. Nc3 Nxd5 5. Bb5+ Bd7 6. Bxd7+ Qxd7 7. O-O Nc6 8. d4 e6 9. Re1 cxd4 10. Nxd4 Be7 11. Nf5 exf5 12. Nxd5 O-O-O 13. c4 Rhe8 14. Qa4 Bc5 15.
Bf4 Rxe1+ 16. Rxe1 Re8 17. Rd1 Nd4 18. Qxd7+ Kxd7 19. b4 Ne2+ 20. Kf1 Bd4 21. Be3 Re4 22. Kxe2 1-0

[Event "*** Titled Tuesday Blitz"]
[Site "Chess.com"]
[Date "2020.11.03"]
[Round "1"]
[White "Bacyanide"]
[Black "S2PAc"]
[Result "0-1"]
[WhiteElo "2438"]
[BlackElo "2865"]
[TimeControl "180+1"]
[EndTime "10:06:23 PST"]
[Termination "S2PAc won on time"]

1. d4 Nf6 2. c4 e6 3. Nc3 Bb4 4. e3 O-O 5. Bd2 b6 6. Bd3 Bb7 7. Nf3 d5 8. cxd5 exd5 9. O-O Bd6 10. Nb5 Be7 11. Ne5 c5 12. Rc1 Nc6 13. f4 a6 14.
Nxc6 Bxc6 15. Nc3 c4 16. Bb1 b5 17. Qf3 b4 18. Ne2 Ne4 19. Bxe4 dxe4 20. Qf2 Bb5 21. f5 a5 22. Ng3 c3 23. bxc3 Bxf1 24. Rxf1 Qd5 25. Nh5 f6 26. Qg3 Qf7 27. Nf4 Bd6 28. Qg4 Bxf4 29. Qxf4 Qxa2 30. Be1 Rfe8 31. cxb4 a4 32. b5 Qb3 33. Bh4 a3 34. Qg3 Kh8 35. Rc1 a2 36. Qe1 Qxb5 37. Ra1 Qxf5 38. Bg3 Qd5 39. Qc3 Rec8 40. Qb2 Qc4 41. Be1 Qc2 0-1

[Event "*** Titled Tuesday Blitz"]
[Site "Chess.com"]
[Date "2020.11.03"]
[Round "1"]
[White "Oligan22"]
[Black "TimofeevAr"]
[Result "0-1"]
[WhiteElo "2409"]
[BlackElo "2814"]
[TimeControl "180+1"]
[EndTime "10:06:23 PST"]
[Termination "TimofeevAr won by resignation"]

1. e4 d5 2. exd5 Nf6 3. Nf3 Nxd5 4. d4 g6 5. c4 Nb6 6. h3 Bg7 7. Nc3 O-O 8. Be3 Nc6 9. Be2 e5 10. d5 Ne7 11. g4 f5 12. Qb3 e4 13. Ng5 h6 14. d6 cxd6 15. c5+ d5 16. cxb6 hxg5 17. Bxg5 Be6 18. bxa7 Qd7 19. Bb5 Nc6 20. Ne2 d4 21.
Bc4 Bxc4 22. Qxc4+ Kh7 23. h4 Ne5 24. Qb3 Qf7 25.
Nxd4 Nd3+ 26. Ke2 Bxd4 27. Qa4 Bxb2 28. Rab1 fxg4 29. Be3 Qf3+ 30. Kd2 Rfd8 31. Kc2 Rac8+ 32. Kb3 Qf7+ 0-1

[Event "*** Titled Tuesday Blitz"]
[Site "Chess.com"]
[Date "2020.11.03"]
[Round "1"]
[White "vovachesss"]
[Black "WeAintSurePal"]
[Result "1-0"]
[WhiteElo "2695"]
[BlackElo "2354"]
[TimeControl "180+1"]
[EndTime "10:06:23 PST"]
[Termination "vovachesss won by checkmate"]

1. c4 Nf6 2. Nc3 e5 3. g3 Bb4 4.
e4 O-O 5. Bg2 Nc6 6. Nge2 d6 7.
O-O a5 8. d3 h6 9. Be3 Bc5 10. h3 Re8 11. Qd2 Nd4 12. Bxd4 Bxd4 13. Nxd4 exd4 14. Nb5 c5 15. f4 Nh7 16. Rae1 Ra6 17.
e5 dxe5 18. fxe5 Ng5 19. h4 Ne6 20. Nd6 Rxd6 21. exd6 Qxd6 22. Qf2 Re7 23. Bd5 b6 24. Kh2 g6 25. Qf6 h5 26. Re5 a4 27. Rfe1 Bd7 28. Kg1 b5 29. b3 axb3 30. axb3 bxc4 31. bxc4 Bc8 32. g4 hxg4 33. h5 Qd7 34. hxg6 Nf8 35. Rxe7 Qd6 36. Bxf7# 1-0

[Event "*** Titled Tuesday Blitz"]
[Site "Chess.com"]
[Date "2020.11.03"]
[Round "1"]
[White "ShcufNaiRolf"]
[Black "ckgchess"]
[Result "0-1"]
[WhiteElo "2342"]
[BlackElo "2673"]
[TimeControl "180+1"]
[EndTime "10:06:25 PST"]
[Termination "ckgchess won by checkmate"]

1. e4 Nf6 2. e5 Nd5 3. d4 d6 4. c4 Nb6 5. exd6 cxd6 6. d5 g6 7. Qd4 f6 8. Ne2 Bg7 9. Nf4 O-O 10. Nc3 Na6 11. Bd2 Nc5 12. Be2 e5 13. dxe6 Nxe6 14. Nxe6 Bxe6 15. Bf4 Rc8 16. Qxd6 Bxc4 17. Bxc4+ Nxc4 18. Qe6+ Kh8 19. O-O Re8 20. Qh3 Nxb2 21.
Rab1 Nd3 22. Bd2 f5 23. Nb5 a6 24. Na3 b5 25. Rfd1 Nb2 26. Rxb2 Bxb2 27. Nb1 Bg7 28.
Rf1 Rc2 29. Be3 Rxa2 30. g4 fxg4 31. Qxg4 Qd5 32. Qh4 Rxe3 33. fxe3 Qg2# 0-1

[Event "*** Titled Tuesday Blitz"]
[Site "Chess.com"]
[Date "2020.11.03"]
[Round "1"]
[White "Omk124"]
[Black "Salem-AR"]
[Result "0-1"]
[WhiteElo "2422"]
[BlackElo "2847"]
[TimeControl "180+1"]
[EndTime "10:06:26 PST"]
[Termination "Salem-AR won by resignation"]

1. e4 c5 2. Nf3 d6 3. c4 Nf6 4. d4 cxd4 5. Nxd4 Nxe4 6. Bd3 Nf6 7. O-O Nc6 8. Nxc6 bxc6 9. Nc3 e6 10. Re1 Be7 11. Bf4 O-O 12. Qf3 d5 13. cxd5 cxd5 14. Rad1 a5 15. Be5 Ba6 16. Bb1 h6 17. h3 Rc8 18. a4 Nd7 19. Bd4 Bf6 20. Be3 Ne5 21.
Qg3 Nc4 22. Bd4 Nxb2 23. Ne4 Bxd4 24. Rxd4 Rc4 25. Rxc4 Bxc4 26. Nd2 Qf6 27. Nxc4 Nxc4 28. Qd3 g6 29. h4 h5 30. g3 Rb8 31. Kg2 Rb2 32. Bc2 Nd6 33. Re2 Nf5 34. Rd2 Rb4 35. Qa6 Qc3 36. Re2 Nd4 37. Bxg6 Qf3+ 0-1

[Event "*** Titled Tuesday Blitz"]
[Site "Chess.com"]
[Date "2020.11.03"]
[Round "1"]
[White "Nuvas"]
[Black "Natalya_Buksa"]
[Result "1-0"]
[WhiteElo "2231"]
[BlackElo "2529"]
[TimeControl "180+1"]
[EndTime "10:06:26 PST"]
[Termination "Nuvas won by resignation"]

1. d4 d5 2. c4 e6 3. Nc3 Be7 4. cxd5 e5 5. dxe5 Nd7 6. Nf3 Nb6 7. e4 Bg4 8. Bb5+ Kf8 9. h3 Bd7 10. Bxd7 Qxd7 11. O-O h5 12. Bg5 Nh6 13. Bxe7+ Qxe7 14. d6 Qd7 15. Qd4 c6 16. Ng5 Qe8 17. f4 Nd7 18.
Rad1 f6 19. exf6 gxf6 20. Qc4 fxg5 21. fxg5+ Kg7 22. gxh6+ Rxh6 23. Rf5 Qe6 24. Qd4+ Kh7 25. Rdf1 Kg8 26. e5 Rf8 27. Rxf8+ Nxf8 28. Ne4 Nd7 29. Nf6+ Nxf6 30. exf6 Kf7 31. d7 Rh8 32. d8=Q Rxd8 33. Qxd8 Qe3+ 34. Kh1 h4 35. Qd7+ Kg6 36. Qg7+ 1-0

[Event "*** Titled Tuesday Blitz"]
[Site "Chess.com"]
[Date "2020.11.03"]
[Round "1"]
[White "dropstoneDP"]
[Black "crazy_but_lazy"]
[Result "1-0"]
[WhiteElo "2904"]
[BlackElo "2451"]
[TimeControl "180+1"]
[EndTime "10:06:27 PST"]
[Termination "dropstoneDP won by resignation"]

1. c4 e5 2. Nc3 Bb4 3. Nd5 Be7 4.
Nf3 d6 5. d4 c6 6. Nxe7 Qxe7 7.
e3 Nf6 8. Be2 O-O 9. O-O Bg4 10.
h3 Bh5 11. b3 Nbd7 12. Ba3 c5 13. d5 e4 14. Nd2 Bxe2 15. Qxe2 Ne5 16. Bb2 Rfe8 17. Rad1 a6 18. a4 Rab8 19. Bc3 Ng6 20. Rde1 Nd7 21. Qh5 Qh4 22. Qf5 Qe7 23. Nxe4 Qxe4 24.
Qxd7 Qc2 25. Rc1 Qxb3 26. Qxd6 Red8 27. Qxc5 Qxa4 28. Ra1 Qd7 29. e4 f6 30. f4 Rbc8 31. Qd4 b5 32. c5 Qc7 33. Ba5 Qe7 34. Bxd8 Qxd8 35. Rxa6 b4 36. Rb6 Qe7 37. d6 1-0

[Event "*** Titled Tuesday Blitz"]
[Site "Chess.com"]
[Date "2020.11.03"]
[Round "1"]
[White "Manukyan_Artak"]
[Black "BogdanDeac"]
[Result "0-1"]
[WhiteElo "2440"]
[BlackElo "2871"]
[TimeControl "180+1"]
[EndTime "10:06:27 PST"]
[Termination "BogdanDeac won by resignation"]

1. e4 c5 2. Nf3 d6 3. Bb5+ Nc6 4. O-O Bd7 5. Re1 Nf6 6. c3 a6 7. Bxc6 Bxc6 8. d4 Bxe4 9. Bg5 Bc6 10. Bxf6 gxf6 11.
d5 Bd7 12. c4 Rg8 13. Nc3 Bh3 14. g3 Qd7 15. Ne4 Bg7 16. Nh4 f5 17. Ng5 Bg4 18. f3 Bd4+ 19. Kg2 Rxg5 20. fxg4 fxg4 21. Qd3 Rh5 22. Re2 Bf6 23. Rae1 O-O-O 24. Re4 Bxh4 25. gxh4 e5 26. dxe6 fxe6 27. Rxe6 Rxh4 28. Qd5 g3 29. hxg3 Rd4 30. Qf3 Rxc4 31. Re7 Qb5 32. Rxh7 Rc2+ 33. Kh3 Qxb2 34. Ree7 Rh2+ 35. Kg4 Rg8+ 36. Rhg7 Rxg7+ 37. Rxg7 Qxg7+ 0-1

[Event "*** Titled Tuesday Blitz"]
[Site "Chess.com"]
[Date "2020.11.03"]
[Round "1"]
[White "Koksik_13"]
[Black "yobdc"]
[Result "1-0"]
[WhiteElo "2659"]
[BlackElo "2327"]
[TimeControl "180+1"]
[EndTime "10:06:27 PST"]
[Termination "Koksik_13 won by resignation"]

1. d4 e5 2. dxe5 Nc6 3. Nf3 Qe7 4. Nc3 Nxe5 5. e4 Nf6 6. Bg5 c6 7. Qd4 Nxf3+ 8. gxf3 h6 9. Bh4 g5 10. Bg3 Bg7 11.
O-O-O Nh5 12. Qe3 Nxg3 13. hxg3 Qb4 14. e5 O-O 15. f4 Re8 16. Rd4 Qe7 17. fxg5 hxg5 18.
f4 d6 19. fxg5 Qxe5 20. Re4 Bf5 21. Rxe5 Rxe5 22. Qf2 Rae8 23. Bd3 Bg4 24. g6 f5 25. a4 d5 26. Kb1 b6 27. Ka2 c5 28. Nxd5 Kf8 29. Nf4 Re3 30. Nh5 Bd4 31. g7+ Kf7 32.
Bc4+ Kg6 33. Nf4+ Kxg7 34. Qh2 1-0

[Event "*** Titled Tuesday Blitz"]
[Site "Chess.com"]
[Date "2020.11.03"]
[Round "1"]
[White "LimeInTheCoconut"]
[Black "FlamingPhoenix2910"]
[Result "0-1"]
[WhiteElo "2412"]
[BlackElo "2823"]
[TimeControl "180+1"]
[EndTime "10:06:28 PST"]
[Termination "FlamingPhoenix2910 won on time"]

1. d4 Nf6 2. c4 e6 3. Nc3 d5 4. cxd5 exd5 5. Bg5 c5 6. e3 Nc6 7. Nf3 cxd4 8. Nxd4 Bb4 9. Be2 Bxc3+ 10. bxc3 Qa5 11.
Bxf6 Qxc3+ 12. Kf1 gxf6 13. Rc1 Qa3 14. Nxc6 bxc6 15.
Rxc6 Be6 16. Qb3 Qa5 17. Qb2 d4 18. Qxd4 Qxa2 19. f3 Rd8 20. Rd6 Ke7 21. Rxd8 Rxd8 22. Qc5+ Rd6 23. Kf2 Kd7 24. Rc1 Rd2 25. Qc8+ Ke7 26.
Rc7+ Bd7 0-1

[Event "*** Titled Tuesday Blitz"]
[Site "Chess.com"]
[Date "2020.11.03"]
[Round "1"]
[White "Fins0905"]
[Black "kreonx"]
[Result "1-0"]
[WhiteElo "2626"]
[BlackElo "2309"]
[TimeControl "180+1"]
[EndTime "10:06:28 PST"]
[Termination "Fins0905 won by resignation"]

1. Nf3 g6 2. g3 Bg7 3. Bg2 e5 4.
O-O Nc6 5. c4 Nge7 6. Nc3 O-O 7.
d3 d6 8. Rb1 f5 9. Bd2 Be6 10. b4 Qd7 11. Ng5 h6 12. Nxe6 Qxe6 13. Nd5 Qd7 14. Nxe7+ Qxe7 15. b5 Nd8 16. a4 f4 17. a5 a6 18. bxa6 Rxa6 19. Bxb7 Nxb7 20. Rxb7 fxg3 21. hxg3 e4 22. dxe4 Qxe4 23. Rxc7 Rc6 24.
Rxc6 Qxc6 25. Qb3 Bd4 26. Qd3 Qc5 27. Qxg6+ Kh8 28. Qxh6+ Kg8 29. Qg6+ Kh8 30. e3 Be5 31. Kg2 Qc6+ 32. e4 1-0